 Dungeon Crawl Stone Soup version 0.18-a0-1784-ga939a68 (webtiles) character file.

542 namelastname112 the Conjurer (level 7, 50/50 HPs)
             Began as a Mottled Draconian Conjurer on Apr 18, 2016.
             Quit the game on level 4 of the Dungeon.
             The game lasted 00:05:30 (4168 turns).

namelastname112 the Conjurer (DrCj)                 Turns: 4168, Time: 00:05:31

Health: 50/50      AC:  6    Str: 10    XL:     7   Next: 6%
Magic:  5/13       EV: 12    Int: 22    God:
Gold:   116        SH:  0    Dex: 11    Spells: 3 memorised, 7 levels left

rFire  . . .     SeeInvis .     s - +3 dagger (venom)
rCold  . . .     Gourm    .     (armour unavailable)
rNeg   . . .     Faith    .     (no shield)
rPois  .         Spirit   .     (helmet restricted)
rElec  .         Dismiss  .     (no cloak)
rCorr  .         Reflect  .     (no gloves)
SustAt .         Harm     .     (no boots)
MR     +....                    (no amulet)
Stlth  ++........               h - ring of protection from magic
                                i - +4 ring of intelligence

@: somewhat resistant to hostile enchantments, unstealthy
A: breathe sticky flame splash, unfitting armour, cold-blooded, AC +6
a: Breathe Sticky Flame


You were on level 4 of the Dungeon.
You were not hungry.

You visited 1 branch of the dungeon, and saw 4 of its levels.

You collected 116 gold pieces.

Inventory:

Hand Weapons
 s - a +3 dagger of venom (weapon)
Jewellery
 h - a ring of protection from magic (right hand)
 i - a +4 ring of intelligence (left hand)
Wands
 n - a wand of lightning (6/15)
Scrolls
 g - 3 scrolls of teleportation {unknown}
 k - 3 scrolls of identify {unknown}
 o - 2 scrolls of immolation {unknown}
 p - a scroll of fog {unknown}
 r - a scroll of recharging {unknown}
Potions
 d - 2 potions of agility {unknown}
 f - a potion of berserk rage {unknown}
 l - 3 potions of flight {unknown}
 m - a potion of degeneration {unknown}
 q - a potion of curing {unknown}
Books
 a - a book of Conjurations

   Spells                             Type                      Level
   a - Magic Dart                     Conjuration                  1
   b - Searing Ray                    Conjuration                  2
   c - Dazzling Spray                 Conjuration/Hexes            3
   d - Fulminant Prism                Conjuration/Hexes            4
   e - Iskenderun's Mystic Blast      Conjuration                  4
   f - Iskenderun's Battlesphere      Conjuration/Charms           5
Comestibles
 b - 4 bread rations
 c - a meat ration
 j - a slice of pizza


   Skills:
 - Level 1.7 Dodging
 - Level 1.7 Stealth
 + Level 4.6 Spellcasting
 + Level 6.3 Conjurations
 + Level 2.6 Charms


You had 7 spell levels left.
You knew the following spells:

 Your Spells              Type           Power        Failure   Level  Hunger
a - Iskenderun's Battles  Conj/Chrm      ###.....     50%         5    #####..
x - Searing Ray           Conj           ####..       1%          2    None
z - Magic Dart            Conj           ####         1%          1    None


Dungeon Overview and Level Annotations

Branches:
Dungeon (4/15)
 Temple: D:4-7

Altars:
Fedhas
Gozag
Makhleb
Nemelex Xobeh
Pakellas
Qazlal
Ru
Sif Muna
Vehumet


Innate Abilities, Weirdness & Mutations

You can spit globs of burning liquid.
You can ignite nearby creatures when you spit burning liquid.
Your weird mottled scales are hard (AC +6).
Your body does not fit into most forms of armour.
You are cold-blooded and may be slowed by cold attacks.


Message History

Casting: Magic Dart
Confirm with . or Enter, or press ? or * to list all spells.
Aiming: Searing Ray
Press: ? - help, Shift-Dir - straight line, f/p - ogre
Aim: an ogre, wielding a giant club (moderately wounded)
The searing ray hits the ogre.
The ogre is heavily wounded.
You now have 7/12 mp.
The searing ray hits the ogre.
The ogre is almost dead.
You now have 6/12 mp.
The searing ray hits the ogre.
You kill the ogre!
You have reached level 7!
Your scales start taking on a weird mottled colour.
You learn Fire Magic quicker.
You can spit globs of burning liquid.
You can ignite nearby creatures when you spit burning liquid.
Health restored: 50 You now have 5/13 mp.
Are you sure you want to abandon this character and quit the game? (Confirm with "yes".)

#.........###
#.... ...
###.....###
##...
...#######..##
####
#.........#.# #
#...........#
...........##
...........#
...........#
.....).@...#
...........#
.....?.....#
..........##
..........#
..........#
...........###
.............##
#...##


There were no monsters in sight!

Vanquished Creatures
  2 ogres (D:4)
  A howler monkey (D:4)
  An iguana (D:4)
  3 orc wizards (D:4)
  A worker ant (D:4)
  4 gnolls (D:4)
  6 adders
  3 oozes
  3 worms (D:4)
  2 dart slugs (D:1)
  3 giant geckos
  8 orcs (D:4)
  2 ball pythons
  8 bats
  6 giant cockroaches
  10 goblins
  9 hobgoblins
  4 jackals (D:2)
  6 kobolds
  A quokka (D:3)
  7 giant newts
  5 rats
95 creatures vanquished.

Notes
Turn   | Place    | Note
--------------------------------------------------------------
     0 | D:1      | namelastname112 the Draconian Conjurer began the quest for the Orb.
     0 | D:1      | Reached XP level 1. HP: 14/14 MP: 3/3
   295 | D:1      | Reached XP level 2. HP: 19/20 MP: 1/5
   340 | D:1      | Learned a level 2 spell: Searing Ray
  1061 | D:1      | Reached XP level 3. HP: 26/26 MP: 0/7
  1345 | D:2      | Found a sparkling altar of Nemelex Xobeh.
  1373 | D:2      | crauler: remember:no russian
  1403 | D:2      | namelastname112: лол
  1403 | D:2      | namelastname112: хуя ты вспомнил
  1663 | D:2      | Reached XP level 4. HP: 32/33 MP: 0/8
  1740 | D:2      | Reached skill level 5 in Conjurations
  2065 | D:3      | epen: опять драконами обмазываешься
  2081 | D:3      | Found a blossoming altar of Fedhas.
  2085 | D:3      | Found a stormy altar of Qazlal.
  2101 | D:3      | namelastname112: лол
  2101 | D:3      | namelastname112: ты охуел?
  2101 | D:3      | namelastname112: иди учись
  2222 | D:3      | epen: там пара интересная
  2313 | D:3      | Found an opulent altar of Gozag.
  2315 | D:3      | Found a sacrificial altar of Ru.
  2315 | D:3      | Found a deep blue altar of Sif Muna.
  2328 | D:3      | Found a burning altar of Makhleb.
  2332 | D:3      | Found a radiant altar of Vehumet.
  2566 | D:3      | Found an oddly glowing altar of Pakellas.
  2869 | D:4      | Reached XP level 5. HP: 38/38 MP: 6/10
  2876 | D:4      | Learned a level 5 spell: Iskenderun's Battlesphere
  3131 | D:4      | Reached skill level 1 in Charms
  3504 | D:4      | Reached XP level 6. HP: 37/45 MP: 3/12
  3920 | D:4      | Reached skill level 6 in Conjurations
  4167 | D:4      | Your scales start taking on a weird mottled colour.
  4167 | D:4      | Reached XP level 7. HP: 50/50 MP: 6/13
  4168 | D:4      | Quit the game

Vault maps used:
D:1:      elethiomel_arrival_infinity_welcomes_careful_drivers
D:2:      kennysheep_minor_cross, nemelex_diamond_rough_becter
D:3:      grunt_temple_overflow_forces_of_nature, grunt_pakellas_mercury,
          minmay_overflow_temple_star_hex, first_bread,
          hangedman_abyss_or_decor_lesser_grid, minivault_23,
          kennysheep_generic_room_15
D:4:      overflow_temple_1_default, kennysheep_generic_room_13

Skill      XL: |  1  2  3  4  5  6 |
---------------+-------------------+-----
Spellcasting   | 3 4 |  4.6
Conjurations   | 5 6 |  6.3
Charms         | 1 2 |  2.6
Dodging        | |  1.7
Stealth        | |  1.7

Action                   |  1- 3 |  4- 6 |  7- 9 || total
-------------------------+-------+-------+-------++-------
Melee: Dagger            |    27 |    14 |       ||    41
       Tailslap          |     2 |     1 |       ||     3
 Cast: Magic Dart        |    77 |   134 |       ||   211
       Searing Ray       |     1 |     6 |       ||     7
 Stab: Distracted        |     1 |       |       ||     1
       Sleeping          |     1 |       |       ||     1
  Eat: Chunk             |     3 |     8 |       ||    11
Armor: Skin              |    27 |    15 |       ||    42
Dodge: Dodged            |    21 |    18 |       ||    39
